 Dungeon Crawl Stone Soup version 0.32-a0-872-g59262bdc9b (webtiles) character file.

Game seed: 17235461411020134571

116 601d51SH the Carver (level 5, -2/40 HPs)
             Began as a Gnoll Wanderer on Mar 31, 2024.
             Slain by Eustachio
             ... wielding a +1 rapier of distortion
              (6 damage)
             ... on level 4 of the Dungeon.
             The game lasted 00:04:21 (2443 turns).

601d51SH the Carver (Gnoll Wanderer)                Turns: 2443, Time: 00:04:21

Health: -2/40      AC:  5    Str: 15    XL:     5   Next: 1%
Magic:  7/7        EV:  9    Int:  8    God:
Gold:   167        SH:  5    Dex: 13    Spells: 6/6 levels left

rFire   . . .        a - +2 falchion
rCold   . . .        c - +0 buckler
rNeg    . . .        u - +0 ring mail
rPois   .            (no helmet)
rElec   .            (no cloak)
rCorr   .            (no gloves)
SInv    .            (no boots)
Will    .....        (no amulet)
Stlth   +            (no ring)
HPRegen 0.26/turn    (no ring)
MPRegen 0.10/turn

%: no passive effects
@: no status effects
A: fangs 1, strong nose, distributed training
a: no special abilities


You were on level 4 of the Dungeon.
You visited 1 branch of the dungeon, and saw 4 of its levels.

You collected 167 gold pieces.

Inventory:

Hand Weapons
 a - a +2 falchion (weapon)
 b - a +0 quarterstaff
 o - a +0 arbalest
 s - a +2 mace of holy wrath
 D - a +0 hand axe of electrocution
Missiles
 y - 4 datura-tipped darts (quivered)
 C - 6 atropa-tipped darts
Armour
 c - a +0 buckler (worn)
 e - a +0 leather armour
 r - an orb of light
 u - a +0 ring mail (worn)
Jewellery
 w - an amulet of faith
Talismans
 i - a granite talisman
Wands
 A - a wand of roots (13)
Scrolls
 d - 4 scrolls of blinking
 f - 3 scrolls of teleportation {unknown}
 h - a scroll of brand weapon {unknown}
 m - a scroll of immolation {unknown}
 n - a scroll of identify {unknown}
 q - a scroll of enchant weapon {unknown}
 v - 2 scrolls of amnesia {unknown}
 x - a scroll of fog {unknown}
Potions
 g - a potion of degeneration {unknown}
 j - a potion of mutation {unknown}
 k - a potion of might {unknown}
 l - a potion of haste {unknown}
 p - a potion of enlightenment {unknown}
 t - a potion of berserk rage {unknown}
 z - a potion of ambrosia {unknown}
 B - a potion of curing {unknown}
 E - a potion of resistance {unknown}


   Skills:
 + Level 2.9 Fighting
 + Level 1.3 Short Blades
 + Level 10.5 Long Blades
 + Level 1.3 Axes
 + Level 1.3 Maces & Flails
 + Level 1.3 Polearms
 + Level 4.7 Staves
 + Level 1.3 Ranged Weapons
 + Level 1.3 Throwing
 + Level 1.3 Armour
 + Level 1.3 Dodging
 + Level 1.3 Stealth
 + Level 4.7 Shields
 + Level 1.3 Unarmed Combat
 + Level 1.3 Spellcasting
 + Level 1.1 Conjurations
 + Level 1.1 Hexes
 + Level 1.1 Summonings
 + Level 1.1 Necromancy
 + Level 1.1 Translocations
 + Level 1.1 Fire Magic
 + Level 1.1 Ice Magic
 + Level 1.1 Air Magic
 + Level 1.1 Earth Magic
 + Level 1.1 Alchemy
 + Level 1.5 Invocations
 + Level 1.3 Evocations
 + Level 1.2 Shapeshifting


You had 6 spell levels left.
You didn't know any spells.
Your spell library was empty.

Dungeon Overview and Level Annotations

Branches:
Dungeon (4/15)
 Temple: D:4-7

Altars:
Xom

Annotations:
D:4 Eustachio


Innate Abilities, Weirdness & Mutations

You have very sharp teeth.
Your uncanny sense of smell can sniff out nearby items.
Your experience applies equally to all skills.


Message History

A kobold comes into view. It is wielding a +0 dagger.
The kobold shouts!
You hit the kobold but do no damage. Your bite misses the kobold.
The kobold barely misses you.
You closely miss the kobold. The kobold barely misses you.
You closely miss the kobold.
Eustachio gestures wildly while chanting.
Eustachio blinks!
You block the kobold's attack.
You barely miss the kobold. The kobold hits you but does no damage.
You completely miss the kobold. You bite the kobold.
The kobold is moderately wounded.
Eustachio mumbles some strange words.
You block the kobold's attack.
You closely miss the kobold.
The kobold is moderately wounded.
Eustachio hits you with a +1 rapier of distortion.
Space warps horribly around you! The kobold hits you but does no damage.
You hit Eustachio.
Eustachio is lightly wounded.
The iron imp hits you.
* * * LOW HITPOINT WARNING * * *
Eustachio hits you with a +1 rapier of distortion.
* * * LOW HITPOINT WARNING * * *
Space warps around you.
* * * LOW HITPOINT WARNING * * *
You slash Eustachio!
Eustachio is moderately wounded.
The kobold hits you with a +0 dagger.
* * * LOW HITPOINT WARNING * * *
You miss Eustachio. You bite Eustachio, but do no damage.
Eustachio is moderately wounded.
The iron imp hits you.
* * * LOW HITPOINT WARNING * * *
You block Eustachio's attack. The kobold hits you but does no damage.
The crimson imp sputters.
You barely miss Eustachio.
Eustachio is moderately wounded.
Eustachio hits you with a +1 rapier of distortion.
You die...
Eustachio says, "Such is the fate of all honourless rascals."

##### #.5.###.#
#.@.....#
#@K5##### ##5##
####.#######
#>........<#
..@..##.#####.#
..## #.# #.#
#.# #.# #.# #.#
#.. #.#


You could see Eustachio, 2 iron imps, a crimson imp (summoned) and a kobold.

Vanquished Creatures
  An orc wizard (D:3)
  3 gnolls (D:3)
  2 ribbon worms
  3 dart slugs
  3 orcs (D:3)
  4 endoplasms
  3 giant cockroaches
  5 goblins
  6 hobgoblins
  A quokka (D:3)
  7 ball pythons
  2 bats
  4 frilled lizards
  3 kobolds (D:3)
  4 rats
51 creatures vanquished.

Notes
Turn   | Place    | Note
-------+----------+-------------------------------------------
     0 | D:1      | Reached skill level 10 in Long Blades
     0 | D:1      | 601d51SH the Gnoll Wanderer began the quest for the Orb.
     0 | D:1      | 601d51SH set off with the following items: a +2 falchion, a
                  | +0 quarterstaff, a +0 buckler, a scroll of blinking, a +0
                  | leather armour.
     0 | D:1      | Reached XP level 1. HP: 17/17 MP: 1/1
   214 | D:1      | Reached XP level 2. HP: 23/23 MP: 2/2
   770 | D:2      | Found a faded altar of an unknown god.
   789 | D:2      | Found a shimmering altar of Xom.
   846 | D:2      | Reached XP level 3. HP: 23/28 MP: 3/3
  1045 | D:2      | Reached skill level 1 in Invocations
  1658 | D:3      | Reached skill level 1 in Short Blades
  1658 | D:3      | Reached skill level 1 in Axes
  1658 | D:3      | Reached skill level 1 in Maces & Flails
  1658 | D:3      | Reached skill level 1 in Polearms
  1658 | D:3      | Reached skill level 1 in Ranged Weapons
  1658 | D:3      | Reached skill level 1 in Throwing
  1658 | D:3      | Reached skill level 1 in Armour
  1658 | D:3      | Reached skill level 1 in Dodging
  1658 | D:3      | Reached skill level 1 in Stealth
  1658 | D:3      | Reached skill level 1 in Unarmed Combat
  1658 | D:3      | Reached skill level 1 in Spellcasting
  1658 | D:3      | Reached skill level 1 in Evocations
  1717 | D:3      | Reached skill level 1 in Shapeshifting
  1717 | D:3      | Reached XP level 4. HP: 17/34 MP: 5/5
  1728 | D:3      | Reached skill level 1 in Conjurations
  1728 | D:3      | Reached skill level 1 in Hexes
  1728 | D:3      | Reached skill level 1 in Summonings
  1728 | D:3      | Reached skill level 1 in Necromancy
  1728 | D:3      | Reached skill level 1 in Translocations
  1728 | D:3      | Reached skill level 1 in Fire Magic
  1728 | D:3      | Reached skill level 1 in Ice Magic
  1728 | D:3      | Reached skill level 1 in Air Magic
  1728 | D:3      | Reached skill level 1 in Earth Magic
  1728 | D:3      | Reached skill level 1 in Alchemy
  2177 | D:3      | Reached XP level 5. HP: 40/40 MP: 7/7
  2428 | D:4      | Noticed Eustachio
  2443 | D:4      | Slain by Eustachio

Illustrated notes

Levels and vault maps discovered:
D:1:      minmay_arrival_hallway, layout_loops_ring
D:2:      layout_loops_corners, basic_altar, ebering_ecumenical_altar_mist,
          minmay_tetromino_l4
D:3:      layout_loops_ring, chequers_decorated_corner
D:4:      layout_loops_ring, fedhas_altar_3, nicolae_zig_zag_zippers,
          uniq_eustachio, uniq_edmund

Skill      XL: |  1  2  3  4 |
---------------+-------------+-----
Long Blades    | | 10.5
Invocations    | 1 |  1.5
Short Blades   | 1 |  1.3
Axes           | 1 |  1.3
Maces & Flails | 1 |  1.3
Polearms       | 1 |  1.3
Ranged Weapons | 1 |  1.3
Throwing       | 1 |  1.3
Armour         | 1 |  1.3
Dodging        | 1 |  1.3
Stealth        | 1 |  1.3
Unarmed Combat | 1 |  1.3
Spellcasting   | 1 |  1.3
Evocations     | 1 |  1.3
Shapeshifting  | 1 |  1.2
Conjurations   | 1 |  1.1
Hexes          | 1 |  1.1
Summonings     | 1 |  1.1
Necromancy     | 1 |  1.1
Translocations | 1 |  1.1
Fire Magic     | 1 |  1.1
Ice Magic      | 1 |  1.1
Air Magic      | 1 |  1.1
Earth Magic    | 1 |  1.1
Alchemy        | 1 |  1.1
Fighting       | |  2.9
Staves         | |  4.7
Shields        | |  4.7

Action                     |  1- 3 |  4- 6 || total
---------------------------+-------+-------++-------
  Melee: Falchion          |    97 |    56 ||   153
         Bite              |     5 |     6 ||    11
 Armour: Leather armour    |    28 |       ||    28
         Ring mail         |    23 |    29 ||    52
  Dodge: Dodged            |    30 |    12 ||    42
  Block: Buckler           |    19 |    11 ||    30

Table legend: (Time is in decaauts)
 A = Elapsed time spent in this place.
 B = Non-inter-level travel time spent in this place.
 C = Inter-level travel time spent in this place.
 D = Time resting spent in this place.
 E = Time spent auto-exploring this place.
 F = Levels seen in this place.
 G = Mean time per level.
                   A        B        C        D        E       F      G
               +--------+--------+--------+--------+--------+-----+--------+
         Total |   2415 |   2308 |    107 |    113 |   1798 |   4 |  603.8 |
       Dungeon |   2415 |   2308 |    107 |    113 |   1798 |   4 |  603.8 |
               +--------+--------+--------+--------+--------+-----+--------+

Top non-repeatable levels by time:
     D:3: 933 daAuts
     D:2: 802 daAuts
     D:1: 659 daAuts
     D:4: 20 daAuts
